 Dungeon Crawl Stone Soup version 0.28-a0-1206-g193881aaa2 (webtiles) character file.

Game seed: 9457388942604043470

0 spiderkeys the Ducker (level 1, -10/11 HPs)
             Began as a Spriggan Abyssal Knight on Dec 21, 2021.
             Was a Follower of Lugonu.
             Killed from afar by a wretched star (21 damage)
             ... with a lance of force
             ... on level 2 of the Abyss.
             The game lasted 00:00:58 (226 turns).

spiderkeys the Ducker (Spriggan Abyssal Knight)      Turns: 226, Time: 00:00:58

Health: -10/11     AC:  2    Str:  9      XL:     1   Next: 0%
Magic:  3/3        EV: 17    Int:  8 (11) God:    Lugonu [*.....]
Gold:   41         SH:  0    Dex: 15      Spells: 0/0 levels left

rFire   . . .      SeeInvis +   a - +1 short sword
rCold   . . .      Faith    .   (shield restricted)
rNeg    . . .      Spirit   .   b - +0 robe
rPois   .          Reflect  .   (helmet restricted)
rElec   .          Harm     .   (no cloak)
rCorr   .          Rampage  .   (gloves unavailable)
Will    .....                   (boots unavailable)
Stlth   +.........              (no amulet)
HPRegen 0.00/turn               (no ring)
MPRegen 0.08/turn               (no ring)

@: sick, very quick
A: very small, no large weapons, unfitting armour, see invisible, speed 3,
deterioration 1
a: Renounce Religion, Depart the Abyss


You were on level 2 of the Abyss.
You worshipped Lugonu.
Lugonu was aware of your devotion.
You visited 0 branches of the dungeon, and saw 0 of its levels.
You visited the Abyss 1 time.

You collected 41 gold pieces.


Innate Abilities, Weirdness & Mutations

You are very small and have problems with some larger weapons.
You are too small for most types of armour.
You have supernaturally acute eyesight. (SInv)
You cover ground extremely quickly. (Speed+++)
Your body sometimes deteriorates upon taking damage.


   Skills:
 + Level 2.4 Fighting
 + Level 2.1 Short Blades
 + Level 3.2 Dodging
 + Level 1.7 Invocations


You couldn't memorise any spells.
You didn't know any spells.
Your spell library was empty.

Inventory:

Hand Weapons
 a - a +1 short sword (weapon)
Armour
 b - a +0 robe (worn)

Dungeon Overview and Level Annotations

Branches:
Dungeon (0/15)

Altars:

.≈ ≈≈≈ .##.≈≈
###h...≈≈
..#.§.≈≈≈ #
##5.....≈≈ ###.
....*.#.≈
#.#.###..#§..#≈
.....#.@#.....≈
#....#.b#
..##§§##.##
.#....§b....#
.. #.##.#..###
#... ##.....#
.# #..##..# .
##..# .. #
2.###.##.# ...#


You could see a wretched star, a raiju (wandering), a fire bat and an ufetubus
(wandering).


Message History

🤖 Initializing magus.rc ... ✅ Successfully initialized magus.rc [v1.9.10] Welcome, spiderkeys the Spriggan Abyssal Knight.
Everyone else who sought the Orb of Zot has failed.
Will you be different?
Lugonu says: Depart the Abyss and spread corruption, my servant! (use the ability menu to exit the Abyss) Press ? for a list of commands and other information.
Found a corrupted altar of Lugonu.
Found a gateway leading deeper into the Abyss.
There is a gateway leading deeper into the Abyss here.
You plunge deeper into the Abyss.
You now have 41 gold pieces.
A large abomination comes into view.
A flayed ghost comes into view.
The flayed ghost cries, "Feel what I felt!"
Terrible wounds open up all over your body! 😕 HP[-1]
You take 1 damage, and now have 10/11 hp.
The flayed ghost stares at you with tortured malice.
Terrible wounds spread across more of your body! 😕 HP[-1]
You take 1 damage, and now have 9/11 hp.
Unknown command.
The flayed ghost stares at you with tortured malice.
Terrible wounds spread across more of your body! 😮 HP[-1]
You take 1 damage, and now have 8/11 hp.
The flayed ghost cries, "Suffer as I suffered!"
Terrible wounds spread across more of your body! 😮 HP[-1]
You take 1 damage, and now have 7/11 hp.
Press: ? - help, v - describe, . - travel The floor.
The flayed ghost cries, "Suffer as I suffered!"
The neqoxec shouts!
A ynoxinul comes into view.
The neqoxec gestures at you.
Something tries to feed on your intellect!
A glowing orange brain comes into view.
The glowing orange brain turns its attention towards you. 😮 HP[+1]
The neqoxec gestures at you.
Something tries to feed on your intellect!
A tentacled starspawn comes into view.
A tentacle flies out from the starspawn's body!
The neqoxec gestures at you.
Something tries to feed on your intellect!
A starspawn tentacle comes into view.
You see here a book of the Wilderness.
Press: ? - help, v - describe, . - travel The floor.
A starspawn tentacle comes into view.
The neqoxec gestures at you.
Strange energies course through your body.
You feel yourself wasting away.
The terrible wounds on your body vanish.
The neqoxec gestures at you.
You feel dopey.
Something feeds on your intellect! 😎 HP[+3]
Your hp is fully restored (11).
The glowing orange brain pulsates.
Something tries to feed on your intellect!
An ancient zyme comes into view.
You feel yourself growing ill in the presence of the ancient zyme.
The neqoxec gestures at you.
You feel dopey. Something feeds on your intellect! The ancient zyme misses you.
The ancient zyme barely misses you.
You feel ill.
A ynoxinul comes into view.
A lorocyproca comes into view.
The lorocyproca gives a chilling moan.
A large abomination comes into view.
A small abomination comes into view.
An ufetubus comes into view.
A wretched star comes into view.
A raiju comes into view.
The wretched star glows turbulently.
The lance of force hits you!!
Ouch! That really hurt!
You die...

Action                   || total
-------------------------++-------
Dodge: Dodged            ||     2

Levels and vault maps discovered:
Abyss:2:  base: Temple, hangedman_abyss_shoalhut,
          hangedman_abyss_or_decor_lesser_grid, evilmike_abyss_exit_11

Notes
Turn   | Place    | Note
-------+----------+-------------------------------------------
     0 | Abyss:1  | spiderkeys the Spriggan Abyssal Knight began the quest for
                  | the Orb.
     0 | Abyss:1  | Reached XP level 1. HP: 11/11 MP: 3/3
     0 | Abyss:1  | magus.rc [v1.9.10]
    25 | Abyss:1  | Found a corrupted altar of Lugonu.
   121 | Abyss:2  | Noticed a large abomination
   127 | Abyss:2  | Noticed a flayed ghost
   158 | Abyss:2  | Noticed a neqoxec
   159 | Abyss:2  | Noticed a ynoxinul
   160 | Abyss:2  | Noticed a glowing orange brain
   168 | Abyss:2  | Noticed a tentacled starspawn
   173 | Abyss:2  | Gained mutation: Your body sometimes deteriorates upon
                  | taking damage. [a neqoxec]
   178 | Abyss:2  | Noticed an ancient zyme
   193 | Abyss:2  | Noticed a ynoxinul
   208 | Abyss:2  | Noticed a lorocyproca
   210 | Abyss:2  | Noticed a large abomination
   222 | Abyss:2  | Noticed a small abomination
   223 | Abyss:2  | Noticed a fire bat
   224 | Abyss:2  | Noticed a wretched star
   225 | Abyss:2  | Noticed a raiju
   226 | Abyss:2  | Killed from afar by a wretched star

Vanquished Creatures (others)
  2 starspawn tentacles (Abyss:2)
2 creatures vanquished.

Table legend:
 A = Non-vault XP
 B = Vault XP
 C = Vault XP percentage of total XP
 D = Non-vault monster count
 E = Vault monster count
 F = Vault count percentage of total count
                 A         B        C        D         E       F
            +---------+---------+-------+---------+---------+-------
      Total |       0 |       0 |   N/A |       0 |       0 |  -nan
            +---------+---------+-------+---------+---------+-------
            +---------+---------+-------+---------+---------+-------

Illustrated notes

Table legend: (Time is in decaauts)
 A = Elapsed time spent in this place.
 B = Non-inter-level travel time spent in this place.
 C = Inter-level travel time spent in this place.
 D = Time resting spent in this place.
 E = Time spent auto-exploring this place.
 F = Levels seen in this place.
 G = Mean time per level.
                   A        B        C        D        E       F      G
               +--------+--------+--------+--------+--------+-----+--------+
         Total |    136 |    136 |      0 |      0 |     65 |   2 |   68.0 |
         Abyss |    136 |    136 |      0 |      0 |     65 |   2 |   68.0 |
               +--------+--------+--------+--------+--------+-----+--------+

Top non-repeatable levels by time:
 Abyss:2: 86 daAuts
 Abyss:1: 50 daAuts
